 Dungeon Crawl Stone Soup version 0.24.0-123-gd5b16e6ec5 (webtiles) character file.

Game seed: 4807435356378383375, levelgen mode: deterministic

261 Curus the Spear-Bearer (level 5, -3/46 HPs)
             Began as a Minotaur Monk on Dec 20, 2019.
             Slain by an orc
             ... wielding a +0 trident
              (7 damage)
             ... on level 3 of the Dungeon.
             The game lasted 00:07:29 (2043 turns).

Curus the Spear-Bearer (Minotaur Monk)              Turns: 2043, Time: 00:07:30

Health: -3/46      AC:  4    Str: 16    XL:     5   Next: 96%
Magic:  4/4        EV: 13    Int:  7    God:
Gold:   109        SH:  0    Dex: 13    Spells: 4/4 levels left

rFire    . . .     SeeInvis .   a - +1 spear
rCold    . . .     Gourm    .   (no shield)
rNeg     . . .     Faith    .   d - +1 leather armour
rPois    .         Spirit   .   (helmet restricted)
rElec    .         Reflect  .   (no cloak)
rCorr    .         Harm     .   (no gloves)
MR       .....     Rnd*Tele +   (no boots)
Stlth    ++........             (no amulet)
HPRegen  0.15/turn              g - ring of teleportation (curse)
MPRegen  0.09/turn              (no ring)

@: no status effects
A: retaliatory headbutt, horns 2
a: no special abilities


You were on level 3 of the Dungeon.
You were hungry.

You visited 1 branch of the dungeon, and saw 3 of its levels.

You collected 109 gold pieces.

Inventory:

Hand Weapons
 a - a +1 spear (weapon)
Armour
 b - a +0 robe
 d - a +1 leather armour (worn)
Jewellery
 g - a cursed ring of teleportation (left hand)
Scrolls
 e - a scroll of identify
 f - a scroll of enchant armour
Comestibles
 c - 2 rations


   Skills:
 + Level 3.9 Fighting
 - Level 12.0 Polearms
 + Level 3.5 Dodging
 - Level 1.5 Stealth


You had 4 spell levels left.
You didn't know any spells.
Your spell library was empty.

Dungeon Overview and Level Annotations

Branches:
Dungeon (3/15)

Altars:


Innate Abilities, Weirdness & Mutations

You reflexively headbutt those who attack you in melee.
You have a pair of horns on your head.


Message History

You feel a bit more experienced. The bat closely misses you.
You completely miss the bat. The bat hits you but does no damage.
You hit the bat.
The bat is severely wounded.
The bat hits you but does no damage.
You hit the bat.
You kill the bat!
You closely miss the orc priest. Your headbutt misses the orc priest.
The orc priest is severely wounded.
You hit the orc priest.
The orc priest is almost dead.
The orc priest looks braver for a moment.
You puncture the orc priest!
You kill the orc priest!
You hit the orc.
The orc is heavily wounded.
You barely miss the orc.
The orc is heavily wounded.
The orc hits you from afar with a +0 trident!
You die...

...........#
...........#
.......)..#####
###..........#
#......(†).#
#........†.#
...#####..........#
......o)o.........#
...#...#@.........#
..J..###..........#
...# #..........#
.# #..........#
#.........
####.#### .# .#


You could see 2 orcs.

Vanquished Creatures
  3 orc priests (D:3)
  An orc wizard (D:3)
  3 adders
  An ooze (D:2)
  A worm (D:2)
  A dart slug (D:1)
  2 leopard geckos (D:1)
  9 orcs (D:3)
  6 giant cockroaches
  3 goblins
  4 hobgoblins
  6 jackals
  9 kobolds
  A quokka (D:2)
  A ball python (D:2)
  6 bats
  4 frilled lizards
  6 rats
67 creatures vanquished.

Notes
Turn   | Place    | Note
-------+----------+-------------------------------------------
     0 | D:1      | Curus the Minotaur Monk began the quest for the Orb.
     0 | D:1      | Reached XP level 1. HP: 19/19 MP: 0/0
    34 | D:1      | Reached skill level 4 in Polearms
    87 | D:1      | Reached XP level 2. HP: 24/26 MP: 1/1
   685 | D:1      | Reached skill level 5 in Polearms
   874 | D:1      | Reached skill level 11 in Polearms
   874 | D:1      | Reached XP level 3. HP: 31/31 MP: 2/2
   887 | D:2      | Reached XP level 4. HP: 39/39 MP: 3/3
  1702 | D:3      | Reached XP level 5. HP: 18/45 MP: 4/4
  1893 | D:3      | Found a faded altar of an unknown god.
  2000 | D:3      | Reached skill level 12 in Polearms
  2043 | D:3      | Slain by an orc

Levels and vault maps discovered:
D:1:      psy_arrival_spokes, layout_loops_corners
D:2:      layout_loops_corners
D:3:      minmay_evil_eye, layout_rooms, chequers_ecumenical_altar_simple

Skill      XL: |  1  2  3  4  5 |
---------------+----------------+-----
Polearms       | 4 11 12 | 12.0
Fighting       | |  3.9
Dodging        | |  3.5
Stealth        | |  1.5

Action                   |  1- 3 |  4- 6 || total
-------------------------+-------+-------++-------
Melee: Spear             |    44 |   134 ||   178
       Headbutt          |     4 |    13 ||    17
  Use: Scroll            |     4 |     1 ||     5
       Potion            |     1 |     1 ||     2
 Stab: Sleeping          |     6 |     5 ||    11
       Distracted        |       |     2 ||     2
  Eat: Chunk             |       |     3 ||     3
Armor: Robe              |     1 |       ||     1
       Leather armour    |     5 |    12 ||    17
Dodge: Dodged            |    17 |    28 ||    45
